[Event "Titled Tuesday Blitz June 20 Late 2023"]
[White "Hajiyev, Kanan"]
[Black "sebastianmarinp"]
[WhiteFideId "13404148"]
[WhiteElo "2115"]
[BlackElo "2366"]
[Result "1-0"]
[Round "4"]
[TimeControl "180+2"]
[Date "2023.06.20"]
[WhiteClock "0:00:20"]
[BlackClock "0:00:00"]
[Board "122"]

1. d4 Nf6 2. Nf3 e6 3. c4 Bb4+ 4. Nbd2 O-O 5. a3 Be7 6. b4 a5 7. b5 c5 8. e3 d5 9. Bb2 Nbd7 10. cxd5 Nxd5 11. e4 Nf4 12. g3 Ng6 13. h4 cxd4 14. h5 Nge5 15. Bxd4 Bf6 16. h6 g6 17. Be2 b6 18. Qc2 Bb7 19. Rd1 Qe7 20. Qb2 Nxf3+ 21. Bxf3 Bxd4 22. Qxd4 e5 23. Qb2 Nc5 24. O-O Qg5 25. Kg2 Qxh6 26. Qxe5 Rfe8 27. Qc7 Rad8 28. Rh1 Qg5 29. Qxb6 Rxd2 30. Rxd2 Qxd2 31. Qxc5 Bxe4 32. Bxe4 Rxe4 33. Qc8+ Kg7 34. Qc6 Re6 35. Qf3 Qb2 36. Qf4 h5 37. a4 1-0


[Site "https://www.chess.com"]

[Event "Titled Tuesday Blitz June 20 Late 2023"]
[White "Fajdetic, Hrvoje"]
[Black "Banzea, Alexandru-Bogdan"]
[WhiteFideId "14501945"]
[BlackFideId "1232622"]
[WhiteElo "2185"]
[BlackElo "2294"]
[Result "0-1"]
[Round "4"]
[TimeControl "180+2"]
[Date "2023.06.20"]
[WhiteClock "0:00:00"]
[BlackClock "0:00:04"]
[Board "123"]

1. d4 Nf6 2. Bf4 d5 3. e3 c5 4. Nc3 cxd4 5. exd4 Bg4 6. f3 Bd7 7. Bd3 Nc6 8. Nce2 Nb4 9. c3 Nxd3+ 10. Qxd3 Qb6 11. Rb1 e6 12. Nh3 Bb5 13. Qe3 Be7 14. O-O Qa6 15. Rfe1 Bxe2 16. Rxe2 Qxa2 17. Rbe1 Qc4 18. Be5 O-O 19. Nf4 g6 20. g4 Nd7 21. Nd3 b5 22. h4 b4 23. h5 bxc3 24. hxg6 fxg6 25. bxc3 Qxc3 26. Rc1 Qa3 27. Rc7 Nxe5 28. Nxe5 Qxe3+ 29. Rxe3 Bd6 30. Rc6 Bxe5 31. Rxe5 Rxf3 32. Rexe6 a5 33. Re7 Rf7 34. Rxf7 Kxf7 35. Rc3 a4 36. Ra3 Kf6 37. Kf2 Kg5 38. Kg3 Rb8 39. Rxa4 Rb3+ 40. Kg2 Kxg4 41. Ra7 h5 42. Rd7 Rb2+ 43. Kf1 Kf3 44. Rf7+ Kg4 45. Rd7 Rb5 46. Kf2 g5 47. Rf7 Rb2+ 48. Ke3 Rb3+ 49. Ke2 h4 50. Rd7 Rb5 51. Ke3 Kg3 52. Rg7 g4 53. Rg6 h3 54. Rg5 Rb3+ 55. Kd2 h2 56. Rh5 Kg2 57. Kc2 Rh3 58. Rxd5 h1=Q 59. Re5 Qf1 60. Re4 Qd3+ 61. Kc1 Qxe4 62. d5 Rc3+ 63. Kb2 Qc2+ 0-1


[Site "https://www.chess.com"]

[Event "Titled Tuesday Blitz June 20 Late 2023"]
[White "Novik, Maxim"]
[Black "Jakubowska, Anna"]
[WhiteFideId "4102924"]
[BlackFideId "1121952"]
[WhiteElo "2287"]
[BlackElo "2001"]
[Result "0-1"]
[Round "4"]
[TimeControl "180+2"]
[Date "2023.06.20"]
[WhiteClock "0:00:00"]
[BlackClock "0:00:24"]
[Board "124"]

1. c4 e5 2. Nc3 Nc6 3. Nf3 g6 4. d4 Bg7 5. d5 Nce7 6. e4 d6 7. Be2 f5 8. Bg5 Nf6 9. Bxf6 Bxf6 10. Nd2 O-O 11. h4 f4 12. h5 g5 13. Bg4 h6 14. Qf3 Bxg4 15. Qxg4 Qc8 16. f3 Qxg4 17. fxg4 c6 18. Ke2 cxd5 19. cxd5 Rfc8 20. Rac1 a6 21. Na4 Rxc1 22. Rxc1 Rc8 23. Rxc8+ Nxc8 24. Kd3 Bd8 25. Nb3 Kf7 26. a3 Ke7 27. Nd2 Kd7 28. b4 Bb6 29. Nc4 Ba7 30. Na5 Kc7 31. Nb2 Bd4 32. Nbc4 Ba7 33. Nd2 Nb6 34. Nf3 Nd7 35. Nc4 Nf6 36. Ncxe5 dxe5 37. Nxe5 Bb8 38. Nf7 Nxg4 39. e5 Kd7 40. Ke4 Ke7 41. Nh8 Nxe5 42. Kf5 f3 43. gxf3 Nxf3 44. Kg6 g4 45. Kxh6 g3 46. Ng6+ Kf6 47. Kh7 g2 48. h6 g1=Q 49. Nf4 Bxf4 0-1


[Site "https://www.chess.com"]

[Event "Titled Tuesday Blitz June 20 Late 2023"]
[White "Ismayil, Malak"]
[Black "Bueno, Alfeu Junior Varela"]
[WhiteFideId "13412604"]
[BlackFideId "2108879"]
[WhiteElo "1868"]
[BlackElo "2175"]
[Result "1-0"]
[Round "4"]
[TimeControl "180+2"]
[Date "2023.06.20"]
[WhiteClock "0:01:14"]
[BlackClock "0:00:00"]
[Board "125"]

1. e4 e6 2. d4 d5 3. Nd2 Nf6 4. e5 Nfd7 5. Bd3 c5 6. c3 Nc6 7. Ne2 cxd4 8. cxd4 f6 9. exf6 Nxf6 10. Nf3 Bd6 11. Bf4 Bxf4 12. Nxf4 Qb6 13. O-O Qxb2 14. Re1 O-O 15. Ng5 Qxd4 16. Ngxe6 Bxe6 17. Nxe6 Qh4 18. g3 Qh3 19. Bf1 Qf5 20. Nxf8 Rxf8 21. Qd3 Ne4 22. f4 Nb4 23. Qb3 a5 24. Rad1 Nc5 25. Qe3 d4 26. Qxd4 Nc2 27. Qc4+ Kh8 28. Re5 Qg6 29. Qxc5 1-0


[Site "https://www.chess.com"]

[Event "Titled Tuesday Blitz June 20 Late 2023"]
[White "Silva Lucena, Cristian"]
[Black "D`Arruda, Ricardo D."]
[WhiteFideId "2232588"]
[BlackFideId "100692"]
[WhiteElo "2223"]
[BlackElo "2531"]
[Result "0-1"]
[Round "4"]
[TimeControl "180+2"]
[Date "2023.06.20"]
[WhiteClock "0:00:06"]
[BlackClock "0:00:39"]
[Board "126"]

1. e4 c5 2. Nf3 Nc6 3. d4 cxd4 4. Nxd4 e5 5. Nb5 a6 6. Nd6+ Bxd6 7. Qxd6 Qe7 8. Qxe7+ Ngxe7 9. Nc3 Nb4 10. Bd3 d5 11. exd5 Bf5 12. Bxf5 Nxf5 13. O-O O-O-O 14. f4 Nxc2 15. Rb1 Nfe3 16. Bxe3 Nxe3 17. Rf3 exf4 18. Rxf4 f6 19. Rd4 Rhe8 20. Rc1 Kb8 21. d6 Nf5 22. Rb4 Nxd6 23. Na4 Rc8 24. Nc5 Rc6 25. Rg4 Re7 26. Rh4 Rec7 27. b4 Ka7 28. Rd1 h6 29. Rg4 Nf5 30. Re1 b6 31. Nd3 Rd6 32. Nf4 Rd4 33. h3 Rxb4 34. Nd5 Rxg4 35. hxg4 Rd7 36. Nxf6 gxf6 37. gxf5 Rd5 38. g4 Rd4 39. Re6 Rxg4+ 40. Kh2 Ra4 41. Rxf6 Rxa2+ 42. Kg3 a5 43. Rxh6 Rc2 44. f6 Rc8 45. f7 Rf8 46. Rf6 a4 47. Kf3 a3 48. Ke3 b5 49. Kd4 a2 50. Rf1 Kb6 51. Ra1 Rxf7 52. Rxa2 Rc7 53. Rf2 Ka5 54. Kd3 Ka4 55. Rc2 Rxc2 56. Kxc2 Ka3 57. Kb1 Kb3 58. Ka1 Kc2 59. Ka2 b4 60. Ka1 Kb3 61. Kb1 Kc3 62. Ka1 b3 63. Kb1 b2 64. Ka2 Kc2 0-1


[Site "https://www.chess.com"]

[Event "Titled Tuesday Blitz June 20 Late 2023"]
[White "Kujawski, Adam"]
[Black "Nasir, Zehn"]
[WhiteFideId "1100920"]
[BlackFideId "2613239"]
[WhiteElo "2054"]
[BlackElo "1993"]
[Result "1-0"]
[Round "4"]
[TimeControl "180+2"]
[Date "2023.06.20"]
[WhiteClock "0:00:05"]
[BlackClock "0:00:07"]
[Board "127"]

1. e4 c6 2. d4 d5 3. f3 Qb6 4. Nc3 dxe4 5. fxe4 e5 6. dxe5 Bc5 7. Bc4 Bxg1 8. Qf3 Be6 9. Bxe6 fxe6 10. Bg5 Nd7 11. O-O-O Bd4 12. Rhf1 Nh6 13. Qh5+ g6 14. Qxh6 Bxe5 15. Qh3 c5 16. Na4 Qc6 17. Qf3 Rf8 18. Qa3 Qxe4 19. Rxf8+ Kxf8 20. Rxd7 b6 21. Qf3+ Qf5 22. Qxf5+ exf5 23. Nc3 Kg8 24. Be7 Re8 25. Nd5 Bd4 26. Bf6 Re1+ 27. Kd2 Rg1 28. Bxd4 cxd4 29. Kd3 Rxg2 30. Kxd4 Rxc2 31. Ke5 Kf8 32. Nf6 Rc5+ 33. Kd6 Rc2 34. Nxh7+ Ke8 35. Nf6+ Kf8 36. Rxa7 Rxb2 37. Ke6 Re2+ 38. Kd6 Rxh2 39. a4 f4 40. Ke5 f3 41. Ke6 Re2+ 42. Kd5 f2 43. Nh7+ Ke8 44. Nf6+ Kd8 45. Rd7+ Kc8 46. Kc6 f1=Q 47. Rc7+ Kd8 48. Rd7+ Kc8 49. Rc7+ Kb8 50. Nd7+ Ka8 51. Nxb6+ Kb8 52. Rb7# 1-0


[Site "https://www.chess.com"]

[Event "Titled Tuesday Blitz June 20 Late 2023"]
[White "Siniauski, Artsiom"]
[Black "Lalanne, Pablo"]
[WhiteFideId "13512269"]
[BlackFideId "112151"]
[WhiteElo "2065"]
[BlackElo "2120"]
[Result "1-0"]
[Round "4"]
[TimeControl "180+2"]
[Date "2023.06.20"]
[WhiteClock "0:00:16"]
[BlackClock "0:00:12"]
[Board "128"]

1. e4 e5 2. Nf3 Nc6 3. Bb5 a6 4. Ba4 Nf6 5. Bxc6 dxc6 6. d3 Bd6 7. b3 O-O 8. Bb2 Nd7 9. Nbd2 b5 10. Nf1 Qe7 11. Ne3 g6 12. O-O Ba3 13. Qc1 Bxb2 14. Qxb2 f6 15. Rfe1 Nc5 16. Rad1 Ne6 17. d4 exd4 18. Nxd4 c5 19. Nxe6 Bxe6 20. Nd5 Qf7 21. Qc3 c6 22. Nf4 c4 23. b4 Rad8 24. a3 Bc8 25. Qe3 Qe7 26. h4 Kg7 27. f3 Rfe8 28. Qb6 Rxd1 29. Rxd1 Kh6 30. Qxc6 Rd8 31. Rxd8 Qxd8 32. Nd5 f5 33. e5 Qxh4 34. Kf1 Qd4 35. f4 Qd1+ 36. Kf2 Qxc2+ 37. Kg3 Qd3+ 38. Kh2 c3 39. Qc5 c2 40. Qf8+ Kh5 41. Nf6+ Kh4 42. Qh6# 1-0


[Site "https://www.chess.com"]

[Event "Titled Tuesday Blitz June 20 Late 2023"]
[White "Srdanovic, Jovana"]
[Black "Rian, Kapriaga"]
[WhiteFideId "954810"]
[BlackFideId "7103263"]
[WhiteElo "2155"]
[BlackElo "2348"]
[Result "1-0"]
[Round "4"]
[TimeControl "180+2"]
[Date "2023.06.20"]
[WhiteClock "0:01:24"]
[BlackClock "0:00:00"]
[Board "129"]

1. d4 d5 2. c4 e6 3. Nc3 a6 4. cxd5 exd5 5. Nf3 Nf6 6. Bg5 c6 7. e3 Bf5 8. Be2 Bd6 9. O-O Nbd7 10. Rc1 O-O 11. a3 Re8 12. b4 h6 13. Bh4 Nf8 14. Na4 Ng6 15. Bg3 Ne4 16. Nc5 Re7 17. a4 h5 18. Nh4 Nxh4 19. Bxh4 Bxc5 20. bxc5 g5 21. f3 gxh4 22. fxe4 Bxe4 23. Bxh5 Kh8 24. Rf4 Qg8 25. Rg4 Qh7 26. Rxh4 Rg8 27. g3 Rg5 28. Bg4 Qxh4 29. gxh4 Rg7 30. Kf2 f5 31. Bf3 Rg6 32. h5 Rg5 33. h4 Rg8 34. h6 1-0


[Site "https://www.chess.com"]

[Event "Titled Tuesday Blitz June 20 Late 2023"]
[White "K2JW"]
[Black "The_Sherman_Variation"]
[WhiteElo "2338"]
[BlackElo "2509"]
[Result "0-1"]
[Round "4"]
[TimeControl "180+2"]
[Date "2023.06.20"]
[WhiteClock "0:00:02"]
[BlackClock "0:00:56"]
[Board "130"]

1. d4 b6 2. e4 Bb7 3. Bd3 e6 4. Nf3 Nf6 5. Qe2 c5 6. d5 exd5 7. exd5+ Qe7 8. c4 Na6 9. a3 Qxe2+ 10. Kxe2 Bd6 11. Re1 O-O 12. Kf1 Rfe8 13. Rxe8+ Rxe8 14. Nc3 Nc7 15. Bg5 Ng4 16. Bf5 Ne5 17. Re1 Nxf3 18. Rxe8+ Nxe8 19. gxf3 Bc8 20. Nb5 Bb8 21. Ke2 a6 22. Nc3 f6 23. Bh4 Be5 24. Kd3 Nd6 25. Bh3 b5 26. cxb5 axb5 27. Bg3 c4+ 28. Kd2 Nf7 29. Nxb5 Ba6 30. Nc3 d6 31. f4 Bd4 32. Be6 Kf8 33. Ke2 Nd8 34. f5 Ke7 35. Kf3 Nb7 36. Ke4 Be5 37. f4 Nc5+ 38. Ke3 Bxc3 39. bxc3 g6 40. fxg6 hxg6 41. f5 g5 42. h4 gxh4 43. Bxh4 Bb5 44. Kd4 Nb3+ 45. Ke3 Be8 46. Bg3 Bh5 47. Be1 Bg4 48. Kf4 Bh3 49. Kg3 Bf1 50. Kf2 Bd3 51. Ke3 Nc5 52. Bf2 Ne4 53. Be1 Nc5 54. Kd4 Bf1 55. Ke3 Nd3 56. Bd2 Nb2 57. Kd4 Kd8 58. Bh6 Ke7 59. Bf4 Bd3 60. Bc1 Na4 61. Ke3 Nxc3 62. Kd4 Ne2+ 63. Ke3 Nxc1 64. a4 Nb3 65. Kf4 Bf1 66. Ke3 Bh3 67. Kf2 Bg4 68. Ke1 Bh5 69. Kf2 Be8 70. Ke3 Bxa4 0-1


[Site "https://www.chess.com"]

[Event "Titled Tuesday Blitz June 20 Late 2023"]
[White "Berezin, Viktor"]
[Black "Lach, Aleksandra"]
[WhiteFideId "14107872"]
[BlackFideId "1134299"]
[WhiteElo "2310"]
[BlackElo "2111"]
[Result "1-0"]
[Round "4"]
[TimeControl "180+2"]
[Date "2023.06.20"]
[WhiteClock "0:01:12"]
[BlackClock "0:00:45"]
[Board "131"]

1. d4 f5 2. g3 Nf6 3. Bg2 g6 4. Nh3 Nc6 5. Nf4 e5 6. dxe5 Nxe5 7. h4 c6 8. Bd2 d5 9. Bc3 Qe7 10. Qd4 Nfd7 11. h5 g5 12. Nd3 Bg7 13. Nxe5 Nxe5 14. Qd1 h6 15. Nd2 g4 16. Nb3 Bd7 17. a3 O-O-O 18. Bb4 Qe8 19. Kf1 Bf8 20. Qd4 Bxb4 21. axb4 a6 22. Qa7 Kc7 23. Nc5 Bc8 24. Nxa6+ Kd6 25. Qb8+ Ke7 26. Qxe5+ 1-0


[Site "https://www.chess.com"]

[Event "Titled Tuesday Blitz June 20 Late 2023"]
[White "Haszon, David"]
[Black "Blackburn, Jonathan L B"]
[WhiteFideId "733610"]
[BlackFideId "1801090"]
[WhiteElo "2210"]
[BlackElo "2178"]
[Result "1/2-1/2"]
[Round "4"]
[TimeControl "180+2"]
[Date "2023.06.20"]
[WhiteClock "0:01:35"]
[BlackClock "0:00:20"]
[Board "132"]

1. e4 e5 2. Nf3 Nf6 3. d4 Nxe4 4. Bd3 d5 5. Nxe5 Nd7 6. Nxd7 Bxd7 7. Nd2 Nxd2 8. Bxd2 Qe7+ 9. Qe2 Qxe2+ 10. Kxe2 Bd6 11. Rhe1 O-O 12. Kf3 Rfe8 13. Bf4 Rxe1 14. Rxe1 Re8 15. Rxe8+ Bxe8 16. Bxd6 cxd6 17. h4 f6 18. g4 g6 19. g5 f5 20. Ke3 Kf7 21. f4 Ke6 22. Kd2 Bc6 23. Be2 a6 24. Kc3 Kd7 25. Kb4 Kc7 26. h5 Be8 27. h6 Bf7 28. Ka5 Bg8 29. a3 Be6 30. Bf3 Bf7 31. b4 Be6 32. Be2 Bc8 33. Bh5 b6+ 34. Ka4 Bd7+ 35. Kb3 Be8 36. Bf3 Bf7 37. Be2 Kb7 38. a4 a5 39. c4 dxc4+ 40. Bxc4 d5 41. Bb5 Kc7 42. Be2 Kd6 43. Bf3 Kc7 44. Kc3 Kd6 45. Be2 Kc7 46. Bd3 Kd6 47. Bc2 Kc7 48. Bb1 Kd6 49. Bd3 Kc7 50. Ba6 Kd6 51. Bc8 Kc7 52. Ba6 Kd6 53. bxa5 bxa5 54. Bb5 Kc7 55. Kd3 Kd6 56. Ke3 Kc7 57. Kf3 Kd6 58. Kg3 Kc7 59. Kh4 Kd6 60. Bd3 Kc7 61. Kg3 Kd6 62. Kh2 Kc7 63. Kh1 Kd6 64. Kg1 Be8 65. Kg2 Bf7 66. Kf2 Be8 67. Ke1 Bf7 68. Kd2 Ke6 69. Bb5 Kd6 70. Kc3 Kc7 71. Kb2 Kd6 72. Bd3 Kc7 73. Ka1 Kd6 74. Kb1 Be8 75. Kc1 Ke6 76. Bc2 Kd6 77. Kd2 Bf7 78. Kd1 Kc7 79. Ke1 Kd6 80. Kf2 Kc7 81. Kf1 Kd6 82. Kg1 Kc7 83. Kh1 Kd6 84. Kh2 Kc7 85. Kh3 Kd6 86. Kh4 Kc7 87. Kg3 Kd6 88. Kg2 Kc7 89. Kg1 Kd6 90. Kf1 Kc7 91. Bb3 Kd6 92. Kf2 Kc7 93. Kf3 Kd6 94. Ke3 Kc7 95. Ke2 Kd6 96. Ke1 Kc7 97. Kd1 Kd6 98. Kd2 Kc7 99. Kd3 Kd6 100. Kc3 Kc7 101. Kc2 Kd6 102. Kb2 Kc7 103. Ka3 Kd6 1/2-1/2


[Site "https://www.chess.com"]

[Event "Titled Tuesday Blitz June 20 Late 2023"]
[White "Hoffmann, Asa"]
[Black "Delorme, Axel"]
[WhiteFideId "2001470"]
[BlackFideId "632023"]
[WhiteElo "2117"]
[BlackElo "2478"]
[Result "1-0"]
[Round "4"]
[TimeControl "180+2"]
[Date "2023.06.20"]
[WhiteClock "0:00:05"]
[BlackClock "0:00:00"]
[Board "133"]

1. d4 d5 2. Bg5 f6 3. Bf4 c5 4. c3 Nc6 5. Nf3 Qb6 6. Qd2 Bf5 7. e3 g5 8. Bg3 h5 9. h3 e6 10. dxc5 Bxc5 11. Nd4 Nxd4 12. exd4 Bd6 13. Bxd6 Qxd6 14. Bb5+ Kf7 15. Bd3 Ne7 16. O-O h4 17. f4 Rag8 18. Na3 Bxd3 19. Qxd3 gxf4 20. Nb5 Qb8 21. Rae1 Nf5 22. c4 Rg3 23. Rf3 Rhg8 24. cxd5 Rxg2+ 25. Kh1 Ne3 26. dxe6+ Kxe6 27. Qe4+ Kf7 28. Rxf4 R8g3 29. Qh7+ Ke6 30. Qxh4 1-0


[Site "https://www.chess.com"]

[Event "Titled Tuesday Blitz June 20 Late 2023"]
[White "Shapiro, Daniel"]
[Black "Karamsetty, Jeevan"]
[WhiteFideId "2001780"]
[BlackFideId "2025337"]
[WhiteElo "2330"]
[BlackElo "2131"]
[Result "0-1"]
[Round "4"]
[TimeControl "180+2"]
[Date "2023.06.20"]
[WhiteClock "0:00:09"]
[BlackClock "0:01:21"]
[Board "134"]

1. d4 Nf6 2. c4 g6 3. Nc3 Bg7 4. e4 d6 5. Be2 O-O 6. Nf3 Nbd7 7. Be3 c6 8. h3 Qc7 9. O-O e5 10. Qc2 exd4 11. Nxd4 Re8 12. b4 b6 13. Rfd1 Bb7 14. Bf4 a6 15. a4 c5 16. Ndb5 axb5 17. Nxb5 Bxe4 18. Qb3 Qc6 19. f3 Bf5 20. Bf1 Nh5 21. Bxd6 Bxa1 22. Nc7 Bd4+ 23. Rxd4 cxd4 24. Nxe8 Rxe8 25. c5 bxc5 26. bxc5 Nxc5 27. Bxc5 Qxc5 28. g4 d3+ 0-1


[Site "https://www.chess.com"]

[Event "Titled Tuesday Blitz June 20 Late 2023"]
[White "Kokoszczynski, Jan"]
[Black "Todev, Simeon"]
[WhiteFideId "1174460"]
[BlackFideId "2925133"]
[WhiteElo "2139"]
[BlackElo "1938"]
[Result "0-1"]
[Round "4"]
[TimeControl "180+2"]
[Date "2023.06.20"]
[WhiteClock "0:00:02"]
[BlackClock "0:00:46"]
[Board "135"]

1. d4 Nf6 2. c4 e6 3. Nc3 b6 4. f3 Bb7 5. e4 d5 6. Bg5 Bb4 7. e5 h6 8. exf6 hxg5 9. fxg7 Rg8 10. Qa4+ Nc6 11. cxd5 Qxd5 12. Bb5 O-O-O 13. Bxc6 Bxc3+ 14. bxc3 Bxc6 15. Qxa7 Qc4 16. Ne2 g4 17. Qa3 gxf3 18. Ng3 fxg2 19. Rg1 Rxg7 20. Qb2 e5 21. O-O-O exd4 22. Nf5 dxc3 23. Rxd8+ Kxd8 24. Rd1+ Kc8 25. Qf2 c2 26. Rd4 Qf1+ 0-1


[Site "https://www.chess.com"]

[Event "Titled Tuesday Blitz June 20 Late 2023"]
[White "cristianserban1"]
[Black "Spichkin, Alexander"]
[BlackFideId "4144074"]
[WhiteElo "2494"]
[BlackElo "1986"]
[Result "1-0"]
[Round "4"]
[TimeControl "180+2"]
[Date "2023.06.20"]
[WhiteClock "0:01:17"]
[BlackClock "0:01:10"]
[Board "136"]

1. d4 e6 2. Bf4 c5 3. e3 Qb6 4. Nc3 cxd4 5. exd4 Bb4 6. Nf3 Nf6 7. Be2 Nd5 8. Bd2 Nxc3 9. bxc3 Be7 10. O-O O-O 11. c4 Nc6 12. d5 exd5 13. cxd5 Na5 14. c4 d6 15. Qa4 Bd8 16. Bd3 Bg4 17. Rab1 Qc7 18. Nd4 b6 19. Bxa5 bxa5 20. Nb5 Qd7 21. Qa3 Bb6 22. Qxd6 Qe8 23. Rfe1 Qc8 1-0


[Site "https://www.chess.com"]

[Event "Titled Tuesday Blitz June 20 Late 2023"]
[White "Przybylski, Wojciech"]
[Black "Nathan, Nitish"]
[WhiteFideId "1117599"]
[BlackFideId "30927870"]
[WhiteElo "2228"]
[BlackElo "2291"]
[Result "1-0"]
[Round "4"]
[TimeControl "180+2"]
[Date "2023.06.20"]
[WhiteClock "0:00:16"]
[BlackClock "0:00:07"]
[Board "137"]

1. d4 d5 2. c4 c6 3. Nc3 Nf6 4. Nf3 dxc4 5. e4 b5 6. e5 Nd5 7. Be2 e6 8. O-O Be7 9. a4 b4 10. Ne4 Ba6 11. Nfd2 c3 12. Nc4 Bxc4 13. Bxc4 cxb2 14. Bxb2 a5 15. Rc1 Nd7 16. Bb3 Qb8 17. Rxc6 Qb7 18. Nd6+ Bxd6 19. Rxd6 N7b6 20. Qg4 O-O 21. Bc1 Kh8 22. Bg5 Nc3 23. d5 Nbxd5 24. Qh4 Rac8 25. Re1 f6 26. Bc2 f5 27. Bb3 Qf7 28. f3 f4 29. Qg4 Ne3 30. Qxe6 Qh5 31. Bxf4 Ne2+ 32. Rxe2 Rc1+ 33. Kf2 Qh4+ 34. Bg3 Ng4+ 35. Qxg4 Qxg4 36. e6 Rc3 37. e7 Rcxf3+ 38. gxf3 Qxf3+ 39. Ke1 Qc3+ 40. Rdd2 Re8 41. Bf7 Qc1+ 42. Rd1 Qc3+ 43. Rdd2 Qc2 44. Rxc2 1-0


[Site "https://www.chess.com"]

[Event "Titled Tuesday Blitz June 20 Late 2023"]
[White "Jovic, Stanoje"]
[Black "Martinez, Ayelen"]
[WhiteFideId "905020"]
[BlackFideId "118702"]
[WhiteElo "2236"]
[BlackElo "2074"]
[Result "0-1"]
[Round "4"]
[TimeControl "180+2"]
[Date "2023.06.20"]
[WhiteClock "0:00:00"]
[BlackClock "0:00:18"]
[Board "138"]

1. c4 Nf6 2. g3 g6 3. Bg2 Bg7 4. Nc3 O-O 5. Nf3 d6 6. O-O c5 7. d4 Nc6 8. dxc5 dxc5 9. Bf4 Be6 10. Qa4 Qa5 11. Nd2 Qxa4 12. Nxa4 Nd4 13. Rae1 Nh5 14. Nxc5 Nxf4 15. gxf4 Bg4 16. f3 Bc8 17. e3 Nc2 18. Re2 Nxe3 19. Rfe1 Nc2 20. Rc1 Nd4 21. Rxe7 Nf5 22. Rc7 Bxb2 23. Rb1 Bd4+ 24. Kh1 Ne3 25. Nxb7 Bb6 26. Re7 Nf5 27. Re5 Bxb7 28. c5 Rad8 29. Ne4 Bc7 30. Nd6 Bxd6 31. cxd6 Rxd6 32. h4 Bd5 33. h5 Be6 0-1


[Site "https://www.chess.com"]

[Event "Titled Tuesday Blitz June 20 Late 2023"]
[White "Davidson, Kevin"]
[Black "Turner, Max N"]
[WhiteFideId "2056810"]
[BlackFideId "447722"]
[WhiteElo "2151"]
[BlackElo "2157"]
[Result "0-1"]
[Round "4"]
[TimeControl "180+2"]
[Date "2023.06.20"]
[WhiteClock "0:00:00"]
[BlackClock "0:01:26"]
[Board "139"]

1. e4 e5 2. Nf3 Nc6 3. Bb5 a6 4. Ba4 Nf6 5. O-O Be7 6. Re1 b5 7. Bb3 O-O 8. a4 b4 9. d4 d6 10. dxe5 dxe5 11. Nbd2 Bg4 12. c3 Rb8 13. a5 bxc3 14. bxc3 Qd3 15. Qc2 Qxc2 16. Bxc2 Bc5 17. Bd3 Bc8 18. h3 Rd8 19. Bc4 h6 20. Nb3 Ba7 21. Ba3 Be6 22. Bxe6 fxe6 23. Nc5 Bxc5 24. Bxc5 Rb5 25. Bb4 Nxb4 26. cxb4 Rxb4 27. Nxe5 Rxe4 28. Rxe4 Nxe4 29. f3 Rd5 30. Nc6 Rc5 31. Nb4 Nc3 32. Nxa6 Rc6 33. Nb4 Rc4 34. a6 Nb5 35. Nd3 Na7 36. Kf2 Kf8 37. Ke3 Ke7 38. Ne5 Rc5 39. f4 g5 40. g3 Rc3+ 41. Kd4 Rxg3 42. fxg5 hxg5 43. Ng6+ Kd6 0-1


[Site "https://www.chess.com"]

[Event "Titled Tuesday Blitz June 20 Late 2023"]
[White "Boder, Jan"]
[Black "Barria Santos, Jose Guilherme"]
[WhiteFideId "16243226"]
[BlackFideId "1939300"]
[WhiteElo "2241"]
[BlackElo "2266"]
[Result "1-0"]
[Round "4"]
[TimeControl "180+2"]
[Date "2023.06.20"]
[WhiteClock "0:00:47"]
[BlackClock "0:00:13"]
[Board "140"]

1. e4 e5 2. Nf3 Nc6 3. Bc4 Nf6 4. d3 Bc5 5. Nc3 d6 6. Bg5 h6 7. Bxf6 Qxf6 8. Nd5 Qd8 9. c3 a6 10. d4 Ba7 11. dxe5 dxe5 12. Qe2 O-O 13. O-O-O Bd7 14. Rd2 Qc8 15. Rhd1 Be6 16. Nxe5 Bxd5 17. exd5 Nxe5 18. Qxe5 Re8 19. Qf4 Qd7 20. d6 c6 21. Rd3 a5 22. Rf3 Rf8 23. Re1 Rae8 24. Re4 Rxe4 25. Qxe4 Qxd6 26. Rxf7 Rxf7 27. Qe8+ Kh7 28. Qxf7 Bb8 29. Kc2 Qd8 30. Bd3+ Kh8 31. Qf5 Kg8 32. Qh7+ Kf8 33. Qh8+ Ke7 34. Qxg7+ Kd6 35. Qxh6+ Kc7 36. Qf4+ Kb6 37. Qd4+ Qxd4 38. cxd4 Bxh2 39. Kc3 Kc7 40. a4 Kd6 41. Kc4 Bg1 42. f4 Be3 43. f5 Bc1 44. b3 Bg5 45. g4 Bf6 46. Be4 Kc7 47. d5 Kd6 48. dxc6 bxc6 49. b4 axb4 50. Kxb4 Kc7 51. a5 Kb7 52. Kc5 Be7+ 53. Kd4 Ka6 54. Bxc6 Kxa5 55. Ke5 Kb6 56. Ke6 Bh4 1-0


[Site "https://www.chess.com"]

[Event "Titled Tuesday Blitz June 20 Late 2023"]
[White "Ansh M Shah"]
[Black "Francisco_Ferrari"]
[WhiteFideId "25033379"]
[WhiteElo "2084"]
[BlackElo "2255"]
[Result "1-0"]
[Round "4"]
[TimeControl "180+2"]
[Date "2023.06.20"]
[WhiteClock "0:00:23"]
[BlackClock "0:00:04"]
[Board "141"]

1. d4 Nf6 2. c4 e6 3. g3 d5 4. Bg2 Be7 5. Nf3 O-O 6. O-O dxc4 7. Qc2 a6 8. a4 Bd7 9. Ne5 Nd5 10. Nd2 Nc6 11. Nxc6 Bxc6 12. Nxc4 Nb4 13. Qc3 b5 14. Bxc6 Nxc6 15. axb5 Nxd4 16. Qd3 Nxb5 17. Rd1 Qxd3 18. Rxd3 Rfd8 19. Rxd8+ Rxd8 20. Bf4 Nd4 21. Kf1 g5 22. Be5 f6 23. Bxd4 Rxd4 24. b3 Rd5 25. Rxa6 Rb5 26. Rxe6 Kf7 27. Rc6 Rxb3 28. Rxc7 Ke6 29. Ne3 Bd6 30. Rxh7 Bc5 31. Ng4 f5 32. Rh6+ Kd5 33. Nf6+ Kc4 34. Rh5 Rb1+ 35. Kg2 Re1 36. Rxg5 f4 37. Rg4 Rxe2 38. Rxf4+ Kb5 39. Ne4 Bd4 40. Kf3 Rb2 41. h4 Kc4 42. h5 Kd5 43. Rh4 Rb8 44. h6 Rf8+ 45. Kg2 Ke5 46. Ng5 Rxf2+ 47. Kh3 Rf1 48. h7 Rh1+ 49. Kg4 Rg1 50. h8=Q+ Kd5 51. Qxd4+ Kxd4 52. Nf3+ Ke3 53. Nxg1 Kd3 54. Rh5 Ke3 55. Rf5 Ke4 56. Rf4+ Kd3 57. Kh3 Ke3 58. Kg2 1-0


[Site "https://www.chess.com"]

[Event "Titled Tuesday Blitz June 20 Late 2023"]
[White "Gomez Barrera, Javiera Belen"]
[Black "Barrionuevo, Pablo"]
[WhiteFideId "3418723"]
[BlackFideId "110566"]
[WhiteElo "2119"]
[BlackElo "2212"]
[Result "1-0"]
[Round "4"]
[TimeControl "180+2"]
[Date "2023.06.20"]
[WhiteClock "0:00:07"]
[BlackClock "0:00:39"]
[Board "142"]

1. e4 e5 2. Nf3 Nc6 3. Bc4 Nf6 4. d3 Be7 5. Nc3 O-O 6. a4 h6 7. a5 a6 8. O-O Bb4 9. Nd5 Bxa5 10. c3 d6 11. b4 Bb6 12. Nxb6 cxb6 13. b5 Na5 14. Ba2 axb5 15. Be3 Bd7 16. Rb1 Rc8 17. Qd2 Ng4 18. Bd5 Bc6 19. Ba2 Kh7 20. h3 Nxe3 21. fxe3 Qe7 22. Qf2 Rcd8 23. Nh4 g6 24. Qf6 Qxf6 25. Rxf6 d5 26. Rbf1 Kg7 27. exd5 Bxd5 28. Bxd5 Rxd5 29. Nxg6 Re8 30. Nh4 Re7 31. Rxb6 Rc7 32. Nf5+ Kg8 33. Rxh6 Rxd3 34. Rf3 Rc6 35. Ne7+ Kg7 36. Nxc6 bxc6 37. Rhf6 Rd7 38. h4 c5 39. Rb6 Nc4 40. Rxb5 Rd1+ 41. Kh2 Nd2 42. Rg3+ Kf8 43. Rg5 Nf1+ 44. Kh3 f6 45. Rf5 Kf7 46. Rf3 e4 47. Rb7+ Ke8 48. Rxf6 Nxe3 49. Re6+ Kd8 50. Rxe4 Rh1+ 51. Kg3 Nf5+ 52. Kf2 Nd6 53. Rbe7 Nxe4+ 54. Rxe4 Kd7 55. Kg3 Kd6 56. Kg4 Kd5 57. Rf4 Rg1 58. g3 Rc1 59. h5 Rxc3 60. h6 Rc1 61. Kg5 Rg1 62. g4 Rh1 63. Kg6 c4 64. Kg7 c3 65. Rf2 Kd4 66. g5 Ke3 67. Rc2 Kd3 68. Rxc3+ Kxc3 69. g6 Kd4 70. h7 Ke5 71. h8=Q Rb1 72. Kf7+ Kf5 73. Qh5+ Kf4 74. Qh4+ Kf5 75. Qf6+ Kg4 76. Qd4+ Kh5 77. Qe5+ Kh4 78. Qe4+ Kh5 79. Qxb1 Kh6 80. g7 Kg5 81. Qg6+ Kf4 82. g8=Q 1-0


[Site "https://www.chess.com"]